 Dungeon Crawl Stone Soup version 0.29.1-1-gd02db6906a (webtiles) character file.

Game seed: 9191148522663338164

6897 Godmorgon the Destroyer (level 11, -2/60 HPs)
             Began as a Tengu Conjurer on Oct 9, 2022.
             Was a Priest of Vehumet.
             Slain by an orange demon (3 damage)
             ... led by Amaemon
             ... on level 8 of the Dungeon.
             The game lasted 01:20:51 (13276 turns).

Godmorgon the Destroyer (Tengu Conjurer)           Turns: 13276, Time: 01:20:52

Health: -2/60      AC:  9    Str:  9    XL:     11   Next: 6%
Magic:  23/34      EV: 14    Int: 28    God:    Vehumet [***...]
Gold:   414        SH:  0    Dex: 10    Spells: 12/29 levels left

rFire   . . .      SeeInvis +   a - +9 rapier of Ykkuxkos {vorpal, Fly Will++ Dex-2 SInv}
rCold   . . .      Faith    .   (no shield)
rNeg    . . .      Spirit   .   e - +0 acid dragon scales
rPois   .          Reflect  .   (helmet restricted)
rElec   .          Harm     .   c - +0 cloak
rCorr   +          Rampage  .   I - +0 pair of gloves
Will    ++...                   (boots unavailable)
Stlth   +.........              t - amulet of the acrobat
HPRegen 0.20/turn               h - +6 ring of intelligence
MPRegen 0.24/turn               d - ring of magical power

@: lethally poisoned (-2 -> -48), flying quickly and evasively, quick
A: beak, talons 3, nimble flight
a: Renounce Religion


You were on level 8 of the Dungeon.
You worshipped Vehumet.
Vehumet was most pleased with you.
You visited 2 branches of the dungeon, and saw 10 of its levels.
You also visited: Bailey.

You collected 774 gold pieces.
You spent 360 gold pieces at shops.

Inventory:

Hand Weapons
 a - the +9 rapier of Ykkuxkos (weapon) {vorpal, Fly Will++ Dex-2 SInv}
   (You bought it in a shop on level 9 of the Dungeon)

   It inflicts extra damage upon your enemies.
   Dex:       It affects your dexterity (-2).
   SInv:      It lets you see invisible.
   Fly:       It grants you flight.
   Will:      It greatly increases your willpower.
 M - a +0 dagger of electrocution
Missiles
 f - 7 boomerangs
 n - 8 poisoned darts (quivered)
 H - a throwing net
 N - a curare-tipped dart
Armour
 c - a +0 cloak (worn)
 e - +0 acid dragon scales (worn)
 I - a +0 pair of gloves (worn)
 K - a +2 ring mail of fire resistance
 O - a +2 kite shield
 Q - +1 storm dragon scales
Magical Staves
 b - a staff of cold
Jewellery
 d - a ring of magical power (right hand)
 h - a +6 ring of intelligence (left hand)
 s - a ring of willpower
 t - an amulet of the acrobat (around neck)
 u - a ring of see invisible
 z - a +6 ring of dexterity
 L - a ring of willpower
 R - a ring of fire
Wands
 C - a wand of flame (21)
Scrolls
 g - a scroll of blinking
 m - 2 scrolls of fear {unknown}
 o - 2 scrolls of teleportation
 w - 3 scrolls of vulnerability
 y - 3 scrolls of amnesia
 B - a scroll of brand weapon {unknown}
 D - a scroll of fog {unknown}
 E - 2 scrolls of immolation {unknown}
 G - a scroll of enchant armour {unknown}
 J - 2 scrolls of summoning {unknown}
 S - a scroll of identify
Potions
 i - 2 potions of cancellation
 j - 2 potions of flight {unknown}
 k - 2 potions of heal wounds
 l - 3 potions of mutation {unknown}
 p - 2 potions of attraction {unknown}
 q - a potion of magic
 r - a potion of might {unknown}
 v - 2 potions of degeneration {unknown}
 x - 3 potions of brilliance {unknown}
 A - 4 potions of lignification
 F - 2 potions of haste {unknown}
Miscellaneous
 P - a phial of floods


   Skills:
 + Level 3.9 Fighting
 + Level 2.8 Short Blades
 - Level 5.0 Armour
 - Level 5.0 Dodging
 - Level 2.0 Stealth
 * Level 1.7 Shields
 + Level 9.7 Spellcasting
 - Level 10.0 Conjurations
 + Level 5.6 Summonings
 * Level 6.4 Air Magic
 - Level 3.0 Poison Magic


You had 12 spell levels left.
You knew the following spells:

 Your Spells              Type           Power      Damage    Failure   Level
a - Airstrike             Air            24%        2d(4-20)  1%          4
c - Call Canine Familiar  Summ           44%        N/A       1%          3
d - Magic Dart            Conj           100%       1d8       1%          1
f - Dazzling Flash        Conj/Hex       82%        N/A       1%          3
p - Poisonous Vapours     Pois/Air       80%        N/A       1%          2
s - Searing Ray           Conj           100%       2d8       1%          2
S - Static Discharge      Conj/Air       56%        3-10/arc  1%          2

Your spell library contained the following spells:

 Spells                   Type           Power      Damage    Failure   Level
 Foxfire                  Conj/Fire      100%       2x1d9     1%          1
 Summon Small Mammal      Summ           100%       N/A       1%          1
 Conjure Flame            Conj/Fire      41%        6-21      1%          3
 Flame Wave               Conj/Fire      41%        2d11      2%          4
 Fulminant Prism          Conj/Hex       20%        3d13      2%          4
 Iskenderun's Mystic Bla  Conj/Tloc      41%        2d9       2%          4
 Inner Flame              Hex/Fire       13%        N/A       5%          3
 Summon Guardian Golem    Hex/Summ       29%        N/A       6%          3
 Confusing Touch          Hex            13%        N/A       21%         3
 Portal Projectile        Hex/Tloc       26%        N/A       21%         3
 Yara's Violent Unravell  Hex/Tmut       6%         3d5       41%         5
 Silence                  Hex/Air        15%        N/A       43%         5
 Leda's Liquefaction      Hex/Erth       6%         N/A       54%         4
 Agony                    Necr           13%        N/A       88%         5
 Enfeeble                 Hex            6%         N/A       100%        7


Dungeon Overview and Level Annotations

Branches:
Dungeon (9/15)             Temple (1/1) D:6            Lair (0/5) D:9
    Orc (0/2) D:9          Bailey (visited)

Altars:
Ashenzari
Cheibriados
Dithmenos
Elyvilon
Fedhas
Gozag
Hepliaklqana
Kikubaaqudgha
Makhleb
Nemelex Xobeh
Qazlal
Ru
Sif Muna
Trog
Uskayaw
Vehumet
Wu Jian
Xom
Zin
The Shining One

Shops:
D:8 [   D:9 ([

Annotations:
D:4 2 transporters, quakins's ghost, amateur HOFi
D:8 1 transporter, videwesjr's ghost, novice MiBe


Innate Abilities, Weirdness & Mutations

You have a beak for a mouth.
You have claws for feet.
Your magical nature lets you fly swiftly and evasively.


Message History

The air twists around and strikes the orange demon!
The orange demon is lightly wounded.
You feel very sick. The orange demon stings you from afar!
Really renounce your faith, foregoing its fabulous benefits?
Okay, then.
Casting: Airstrike (dangerous; 1% risk of failure)
Confirm with . or Enter, or press ? or * to list all spells.
Aiming: Airstrike (dangerous; 1% risk of failure)
Press: ? - help, Dir - move target, f/p - orange demon
Aim: an orange demon (lightly wounded, empty space bonus: 3/8)
The air twists around and strikes the orange demon!
The orange demon is moderately wounded.
You feel very sick. The orange demon stings you from afar!
You are lethally poisoned!
The orange demon poisons you!
Casting: Airstrike (dangerous; 1% risk of failure)
Confirm with . or Enter, or press ? or * to list all spells.
Aiming: Airstrike (dangerous; 1% risk of failure)
Press: ? - help, Dir - move target, f/p - orange demon
Aim: an orange demon (moderately wounded, empty space bonus: 3/8)
The air twists around and strikes the orange demon!
The orange demon is heavily wounded.
* * * LOW HITPOINT WARNING * * *
You feel extremely sick. The orange demon stings you from afar.
* * * LOW HITPOINT WARNING * * *
You are more poisoned.
The orange demon poisons you!
Casting: Airstrike (dangerous; 1% risk of failure)
Confirm with . or Enter, or press ? or * to list all spells.
Aiming: Airstrike (dangerous; 1% risk of failure)
Press: ? - help, Dir - move target, f/p - orange demon
Aim: an orange demon (heavily wounded, empty space bonus: 3/8)
Okay, then.
* * * LOW HITPOINT WARNING * * *
You feel extremely sick. The orange demon stings you from afar.
You die...

#########
#.......#
#.##8##.#
#.....#.#######
###.>.........#
#....######.#
#.∩.##### ...
#..)# #.. ..##
#.@.# #.# ...
#...# #.# ..##
##84# #.# #..#
##.# #.# #..#
#.###.###..#
#..........#####.
#####.####.##...
#.# #...!#♣. #.#
#.......


You could see an orange demon.

Vanquished Creatures
  Amaemon (D:8)
  2 orc knights (Bailey)
  Maggie (D:6)
  A komodo dragon (D:9)
  A troll (D:9)
  Grinder (D:5)
  A wyvern (D:9)
  A vampire mosquito (D:7)
  A water moccasin (D:8)
  10 orc warriors
  An ice beast (D:6)
  A black bear (D:8)
  2 ogres
  3 centaurs
  3 phantoms (D:6)
  4 gnoll sergeants
  2 bullfrogs
  3 kobold brigands (D:9)
  4 scorpions
  7 wights
  3 howler monkeys
  An electric eel (D:9)
  3 jellies
  5 hounds
  3 orc priests
  Crazy Yiuf (D:2)
  3 iguanas (D:6)
  6 orc wizards
  Robin (D:2)
  12 adders
  21 gnolls
  A shadow imp (D:6)
  2 white imps
  4 ufetubi
  2 worms (D:2)
  3 dart slugs
  40 orcs
  6 ball pythons
  6 bats
  6 endoplasms
  5 giant cockroaches
  17 goblins
  4 hobgoblins
  7 jackals
  11 kobolds
  7 quokkas
  2 frilled lizards
  8 rats
240 creatures vanquished.

Vanquished Creatures (others)
  5 demonic plants (D:8)
  12 plants (D:9)
17 creatures vanquished.

Grand Total: 257 creatures vanquished

Notes
Turn   | Place    | Note
-------+----------+-------------------------------------------
     0 | D:1      | Godmorgon the Tengu Conjurer began the quest for the Orb.
     0 | D:1      | Reached XP level 1. HP: 10/10 MP: 4/4
   214 | D:1      | Reached XP level 2. HP: 8/15 MP: 0/6
   394 | D:1      | Learned a level 2 spell: Searing Ray
   715 | D:1      | Reached XP level 3. HP: 19/19 MP: 5/7
  1659 | D:2      | Reached XP level 4. HP: 24/24 MP: 6/9
  1897 | D:2      | Reached skill level 6 in Conjurations
  2216 | D:2      | Noticed Robin
  2361 | D:2      | Killed Robin
  2362 | D:2      | Gained mutation: Your magical nature lets you fly swiftly
                  | and evasively. [Tengu growth]
  2362 | D:2      | Reached XP level 5. HP: 25/28 MP: 4/11
  2806 | D:2      | Found a runed translucent door.
  2807 | D:2      | Noticed Crazy Yiuf
  2861 | D:3      | Found the +6 lightning scales {swift, rElec}
  3211 | D:3      | Found a sacrificial altar of Ru.
  3976 | D:4      | Found a transporter.
  3976 | D:4      | Noticed quakins's ghost (amateur HOFi)
  4104 | D:4      | Noticed an ogre
  4110 | D:4      | Killed an ogre
  4111 | D:4      | Reached XP level 6. HP: 32/32 MP: 6/13
  4767 | D:4      | Found a transporter.
  4924 | D:5      | Entered Level 5 of the Dungeon
  5094 | D:5      | Noticed Grinder
  5098 | D:6      | Found a staircase to the Ecumenical Temple.
  5106 | Temple   | Entered the Ecumenical Temple
  5182 | Temple   | Became a worshipper of Vehumet
  5232 | D:6      | Reached skill level 5 in Spellcasting
  5232 | D:6      | Reached skill level 7 in Conjurations
  5232 | D:6      | Reached XP level 7. HP: 25/36 MP: 8/15
  5240 | D:6      | Noticed Maggie
  5255 | D:6      | Killed Maggie
  5324 | D:6      | Reached skill level 5 in Dodging
  5532 | D:6      | Reached XP level 8. HP: 29/41 MP: 13/18
  5548 | D:6      | Reached skill level 8 in Conjurations
  5814 | D:5      | Learned a level 3 spell: Dazzling Flash
  5939 | D:5      | Found a snail-covered altar of Cheibriados.
  5945 | D:5      | Found a stormy altar of Qazlal.
  5973 | D:5      | Reached * piety under Vehumet
  5973 | D:5      | Offered knowledge of Foxfire by Vehumet.
  6104 | D:5      | Killed Grinder
  6105 | D:5      | Reached skill level 9 in Conjurations
  6857 | D:6      | Reached XP level 9. HP: 45/45 MP: 14/22
  6871 | D:6      | Learned a level 3 spell: Call Canine Familiar
  6966 | D:6      | Reached skill level 1 in Summonings
  7117 | D:6      | Reached skill level 1 in Fighting
  7117 | D:6      | Reached skill level 1 in Armour
  7605 | D:7      | Found a shimmering altar of Xom.
  7954 | D:2      | Killed Crazy Yiuf
  7954 | D:2      | Offered knowledge of Static Discharge by Vehumet.
  7969 | D:2      | Learned a level 2 spell: Static Discharge
  8151 | D:7      | Identified the +1 pair of boots of Dust Devil {Stlth+}
  8208 | D:7      | Found a blossoming altar of Fedhas.
  8234 | D:7      | Found an ornate altar of the Wu Jian Council.
  8308 | D:7      | Reached ** piety under Vehumet
  8684 | D:7      | Found a sparkling altar of Nemelex Xobeh.
  8684 | D:7      | Found a transporter.
  8711 | D:7      | Reached skill level 1 in Air Magic
  9085 | D:8      | Found Ytuofraa's Antique Armour Emporium.
  9100 | D:8      | Noticed Amaemon
  9132 | D:8      | Noticed an orange demon
  9244 | D:8      | Noticed a centaur warrior
  9244 | D:8      | Noticed videwesjr's ghost (novice MiBe)
  9248 | D:8      | Found a transporter.
  9513 | D:8      | Reached skill level 10 in Conjurations
  9747 | D:8      | Found a shimmering blue altar of Sif Muna.
 10155 | D:9      | Offered knowledge of Poisonous Vapours by Vehumet.
 10156 | D:9      | Reached XP level 10. HP: 54/54 MP: 17/23
 10159 | D:9      | Learned a level 2 spell: Poisonous Vapours
 10252 | D:9      | Found a staircase to the Orcish Mines.
 10518 | D:9      | Found Raigyps's Antique Weapon Emporium.
 10523 | D:9      | Bought a slimy rapier for 207 gold pieces
 10523 | D:9      | Identified the +9 rapier of Ykkuxkos {vorpal, Fly Will++
                  | Dex-2 SInv} (You bought it in a shop on level 9 of the
                  | Dungeon)
 10565 | D:9      | Reached skill level 5 in Summonings
 10565 | D:9      | Reached skill level 1 in Poison Magic
 10571 | D:9      | Found a glowing golden altar of the Shining One.
 10585 | D:9      | Reached *** piety under Vehumet
 10646 | D:9      | Found a flagged portal.
 10666 | Bailey   | Entered a bailey
 10848 | Bailey   | Noticed an orc knight
 11049 | Bailey   | Noticed an orc knight
 11091 | Bailey   | Reached skill level 1 in Short Blades
 11161 | Bailey   | Killed an orc knight
 11177 | Bailey   | Killed an orc knight
 11178 | Bailey   | Reached skill level 5 in Armour
 11494 | D:9      | Offered knowledge of Airstrike by Vehumet.
 11502 | D:9      | Learned a level 4 spell: Airstrike
 11522 | D:9      | Found Busynkel's Antique Armour Boutique.
 11528 | D:9      | Bought a slimy robe for 153 gold pieces
 11528 | D:9      | Identified the +2 robe of Refuge {Harm Will+} (You bought
                  | it in a shop on level 9 of the Dungeon)
 11635 | D:9      | Reached skill level 5 in Air Magic
 11844 | D:9      | Found a staircase to the Lair.
 12389 | D:9      | Found an ancient bone altar of Kikubaaqudgha.
 12394 | D:9      | Found a burning altar of Makhleb.
 13133 | D:8      | Killed Amaemon
 13134 | D:8      | Reached skill level 1 in Shields
 13134 | D:8      | Reached XP level 11. HP: 48/60 MP: 1/25
 13276 | D:8      | HP: 1/60 [poisoned by an orange demon]
 13276 | D:8      | Slain by an orange demon

Illustrated notes

Levels and vault maps discovered:
D:1:      shiori_arrival_maze, layout_basic, st_stairs_8
D:2:      minmay_alternating_diamond, layout_loops_ring,
          uniq_crazy_yiuf_cottage, uniq_robin
D:3:      layout_loops_ring, nicolae_ru_sacrificial_ziggurat,
          kennysheep_cross_room
D:4:      layout_basic, gammafunk_ghost_mausoleum,
          corexii_item_surrounded_by_moat
D:5:      layout_basic, mainiacjoe_overflow_large_starburst, hex_tiny,
          uniq_grinder
D:6:      layout_cave_pools, minmay_temple_entry_statues_fountains, serial_park,
          serial_park_avenue1, serial_park_gazebo [serial_park_minivault_5x5_2],
          serial_park_square3 [serial_park_minivault_5x5_1], enter_ossuary_2,
          dk_noncrumbling_3, uniq_maggie
D:7:      layout_loops_ring, xom_teletrap_fun, fedhas_altar_1, kennysheep_mini,
          grunt_nemelex_the_gamble
D:8:      layout_loops_ring, nicolae_overflow_hidden_temple, serial_demonic,
          serial_demonic_e, serial_demonic_d, serial_demonic_e,
          serial_demonic_e, serial_demonic_g, gammafunk_ghost_arena,
          corner_web_ring, nicolae_stop_n_shop_2, uniq_amaemon
D:9:      layout_stronghold, tso_oasis_becter, amethyst_overflow_temple_binary,
          david_lair_shrubbed, kennysheep_orc_monster_closet_entryway,
          enter_bailey_2, serial_shops, kennysheep_little_box, shop,
          water_boxes_lemuel
Temple:   bh_familiar_temple

Skill      XL: |  1  2  3  4  5  6  7  8  9 10 |
---------------+-------------------------------+-----
Spellcasting   | 3 4 5 6 8 9 |  9.7
Dodging        | 3 4 5 |  5.0
Conjurations   | 6 7 9 10 | 10.0
Summonings     | 4 5 |  5.6
Fighting       | 2 3 |  3.9
Armour         | 3 5 |  5.0
Air Magic      | 2 6 |  6.4
Poison Magic   | 3 |  3.0
Short Blades   | 2 |  2.8
Shields        | 1 |  1.7
Stealth        | |  2.0

Action                   |  1- 3 |  4- 6 |  7- 9 | 10-12 || total
-------------------------+-------+-------+-------+-------++-------
Melee: Dagger            |     6 |       |    26 |       ||    32
       Unarmed           |     5 |       |       |       ||     5
       Kick              |     1 |       |     9 |     1 ||    11
       Peck              |     1 |       |     5 |       ||     6
       Punch             |     1 |       |     1 |       ||     2
       Rapier            |       |       |       |     7 ||     7
Throw: Dart              |       |     2 |       |       ||     2
 Cast: Magic Dart        |    53 |    89 |    66 |     9 ||   217
       Searing Ray       |     4 |    26 |    66 |    25 ||   121
       Dazzling Flash    |       |       |     2 |       ||     2
       Static Discharge  |       |       |     1 |     4 ||     5
       Call Canine Famil |       |       |     1 |       ||     1
       Airstrike         |       |       |       |    62 ||    62
       Poisonous Vapours |       |       |       |    51 ||    51
  Use: Scroll            |       |     6 |     8 |     1 ||    15
       Potion            |       |       |     7 |       ||     7
Armor: Robe              |     2 |     1 |     2 |       ||     5
       Acid dragon scale |       |       |    11 |    10 ||    21
Dodge: Dodged            |     7 |    16 |   140 |    55 ||   218
